 Dungeon Crawl Stone Soup version 0.17-a0-473-gfd9ac06 (webtiles) character file.

81 Psiweapon the Skirmisher (level 4, -3/35 HPs)
             Began as a Mummy Fighter on Apr 7, 2015.
             Slain by Natasha (5 damage)
             ... on level 2 of the Dungeon.
             The game lasted 00:03:23 (1011 turns).

Psiweapon the Skirmisher (Mummy Fighter)            Turns: 1011, Time: 00:03:23

Health: -3/35      AC:  6    Str: 20    XL:     4   Next: 19%
Magic:  4/4        EV:  7    Int:  7    God:
Gold:   17         SH:  0    Dex: 11    Spells: 0 memorised, 3 levels left

rFire  x . .     SeeInvis .     a - +0 flail
rCold  + . .     Clarity  .     b - +0 scale mail
rNeg   + + +     SustAb   .     c - +0 shield
rPois  ∞         Gourm    .     (no helmet)
rElec  .         Spirit   .     (no cloak)
rCorr  .         Warding  .     (no gloves)
rMut   .         Stasis   .     (no boots)
MR     .....                    (no amulet)
Stlth  ..........               (no ring)
                                (no ring)

@: confused, not resistant to hostile enchantments, extremely unstealthy
A: no food or potions, fire vulnerability, cold resistance 1, negative energy
resistance 3, torment resistance, unbreathing
a: no special abilities


You were on level 2 of the Dungeon.
You were not hungry.

You visited 1 branch of the dungeon, and saw 2 of its levels.

You collected 17 gold pieces.

Inventory:

Hand weapons
 a - a +0 flail (weapon)
 d - a +0 hunting sling
 g - a +0 dagger of venom
Armour
 b - a +0 scale mail (worn)
 c - a +0 shield (worn)
Scrolls
 e - a scroll of teleportation {unknown}
 f - a scroll of noise {unknown}
 h - a scroll of magic mapping {unknown}


   Skills:
 + Level 3.5 Fighting
 + Level 1.9 Maces & Flails
 + Level 3.0 Armour
 + Level 0.7 Dodging
 + Level 3.0 Shields


You had 3 spell levels left.
You didn't know any spells.

Dungeon Overview and Level Annotations

Branches:
Dungeon (2/15)

Altars:

Annotations:
D:2 Natasha, Robin


Innate Abilities, Weirdness & Mutations

You do not eat or drink.
Your flesh is vulnerable to fire.
You are immune to poison.
Your flesh is cold resistant.
You are immune to negative energy.
You are immune to unholy pain and torment.
You can survive without breathing.


Message History

Natasha casts a spell at you. The magic dart hits you!
* * * LOW HITPOINT WARNING * * *
The crimson imp blinks!
Your shield and scale mail prevent you from hitting Natasha.
Robin hits you but does no damage. Natasha claws you.
* * * LOW HITPOINT WARNING * * *
You bump into the rock wall.
Robin barely misses you.
Natasha zaps a wand.
You resist with some effort.
You bump into the rock wall.
Robin throws the goblin at you!
* * * LOW HITPOINT WARNING * * *
Natasha zaps a wand.
You are more confused.
You closely miss Natasha. The goblin hits you but does no damage.
Robin hits you but does no damage.
Natasha zaps a wand.
You resist with some effort. The goblin hits you but does no damage.
Natasha zaps a wand.
You resist with some effort.
You're too confused to move!
Robin hits you but does no damage. The goblin hits you but does no damage.
Natasha claws you.
You die...

#.......#.....#
#.......#.#..###
+.............$..
#.......#...>...
##.......#....####
#..................
........g5#)).......
......##h#.†.......
..... #@#.........
..... #g#......#..
...? #.#<...#.#
#..†...# .. #.##.#.#
#.. ..... ...
.#..... .... .#....
.....#.# ..


You could see Robin, Natasha, a white imp and a goblin (frenzied).

Vanquished Creatures
  Natasha (D:2)
  3 gnolls (D:2)
  3 bats
  A giant cockroach (D:1)
  4 hobgoblins
  2 giant newts (D:1)
  6 goblins
  4 jackals
  4 kobolds (D:1)
  2 rats (D:1)
30 creatures vanquished.

Vanquished Creatures (others)
  A giant cockroach (D:1)
  A kobold (D:1)
2 creatures vanquished.

Grand Total: 32 creatures vanquished

Notes
Turn   | Place    | Note
--------------------------------------------------------------
     0 | D:1      | Psiweapon, the Mummy Fighter, began the quest for the Orb.
     0 | D:1      | Reached XP level 1. HP: 18/18 MP: 1/1
   175 | D:1      | Reached XP level 2. HP: 21/24 MP: 2/2
   464 | D:2      | Noticed Natasha
   468 | D:2      | Reached XP level 3. HP: 22/29 MP: 3/3
   473 | D:2      | Killed Natasha
   477 | D:2      | Reached XP level 4. HP: 4/35 MP: 4/4
   997 | D:2      | Noticed Natasha
  1000 | D:2      | Noticed Robin
  1011 | D:2      | Slain by Natasha

Action                   |  1- 3 |  4- 6 || total
-------------------------+-------+-------++-------
Melee: Flail             |    72 |    30 ||   102
